Unix xNetHack Version 8.0.0 - last build Jun 13 2023 11:06:09 (4b7ecc64c373f7294607d497be3f7ce1783331ac). Game began 2023-06-25 21:26:25, ended 2023-06-25 21:30:04. Moult, neutral male gnomish Healer -------- -......@d- --------.... ----- Moult the Rhizotomist St:10 Dx:8 Co:18 In:13 Wi:14 Ch:12 Neutral S:163 Dlvl:4 $:1800 HP:0(12) Pw:7(7) AC:8 Xp:1/0 T:433 Latest messages: There is a dart trap here. r - a black gem {1}. What do you want to write with? [- agnqr or ?*] - You write in the dust with your fingertip. Something is written here in the dust. You read: "Elbereth". You see no objects here. The kobold turns to flee. You hear crashing rock. You swap places with your little dog. You see here a yellow mold corpse. The little dog misses it. The little dog misses the kobold. The little dog bites the kobold. The little dog bites the kobold. The kobold is killed! You swap places with your little dog. You see here a mithril dart. You attack thin air. The little dog picks up a yellow mold corpse. The little dog is almost hit by a mithril dart! Something is written here in the dust. You read: "E |ere?n". The little dog drops a yellow mold corpse. You hear crashing rock. The little dog drops a mithril dart. The little dog misses the yellow mold. The little dog misses the yellow mold. The little dog staggers... The little dog bites the yellow mold. The little dog misses the yellow mold. The little dog bites the yellow mold. The little dog bites the yellow mold. The yellow mold is killed! The little dog misses the acid blob. The little dog misses the acid blob. The little dog bites the acid blob. The acid blob is killed! The little dog bites the dwarf. The dwarf swings his broad pick at the little dog. The dwarf misses the little dog. The little dog bites the dwarf. The dwarf swings his broad pick at the little dog. The dwarf whacks the little dog. The little dog is seriously wounded. You descend the stairs. The little dog bites! The little dog bites! You die... Do you want your possessions identified? q Inventory: Inventory: 77/750 weight (10/52 slots) Coins $ - 1800 gold pieces {18} Weapons a - a +0 scalpel (weapon in hand) {5} Armor b - an uncursed +1 pair of leather gloves (being worn) {8} Comestibles k - 5 uncursed apples {10} m - an uncursed pancake {2} p - an uncursed lichen corpse {20} Wands g - a wand of sleep (0:5) {7} Tools s - an uncursed stethoscope {4} Gems/Stones r - a cursed worthless piece of black glass {1} n - a cursed worthless piece of blue glass {1} q - an uncursed worthless piece of yellowish brown glass {1} Moult the Healer's attributes: Background: You were a Rhizotomist, a level 1 male gnomish Healer. You were neutral, on a mission for Hermes who was opposed by Athena (lawful) and Poseidon (chaotic). You were heterosexual. You were in the Gnomish Mines, on level 4. You entered the dungeon 433 turns ago. You had 0 experience points, 20 were needed to attain level 2. Your score was 163 before end-of-game adjustments. Basics: You had 0 out of 12 hit points. You had all 7 energy points (spell power). Your armor class was 8. Your wallet contained 1800 zorkmids. Autopickup was on for '_' plus thrown, with exceptions. Final Characteristics: Your strength was 10 (limit:18/50). Your dexterity was 8 (limit:18). Your constitution was 18 (limit:18). Your intelligence was 13 (limit:19). Your wisdom was 14 (limit:18). Your charisma was 12 (limit:18). Final Status: You were not hungry. You were unencumbered. You were wielding a knife. You had basic skill with knife. Final Attributes: You were fervently aligned. You were poison resistant. You had infravision. You are dead. Miscellaneous: You never encountered a bones level. Total elapsed playing time was 3 minutes and 38 seconds. Major events: Turn 1: Moult the neutral male gnomish Healer entered the dungeon 365: entered the Gnomish Mines 433: killed by a little dog Vanquished creatures: an acid blob 2 yellow molds 2 gnomes 2 jackals 2 foxes a kobold a sewer rat 2 grid bugs 2 lichens 2 kobold zombies 2 newts 19 creatures vanquished. No species were genocided or became extinct. Voluntary challenges: You were an atheist. You never hit with a wielded weapon. You were a pacifist. You read items or engraved 7 times. You never genocided any monsters. You never polymorphed an object. You never changed form. You never touched an artifact. You used no wishes. You were celibate. You never generated conflict. Achievement: You entered the Gnomish Mines. Dungeon overview: The Dungeons of Doom: levels 1 to 2 Level 1: A fountain. Level 2: Stairs down to The Gnomish Mines. The Gnomish Mines: levels 3 to 4 Level 3: Level 4: <- You were here. Final resting place for you, killed by a little dog. Game over: __________ / \ / REST \ / IN \ / PEACE \ / \ | Moult | | 1800 Au | | killed by a | | little dog | | | | | | 2023 | *| * * * | * _________)/\\_//(\/(/\)/\//\/|_)_______ Goodbye Moult the Healer... You died in The Gnomish Mines on dungeon level 4 with 162 points, and 1800 pieces of gold, after 433 moves. You were level 1 with a maximum of 12 hit points when you died.